Description

Quick Tank All-In that is designed to hit before the Protoss has any tech units out.

Replay - Kairos Junction LE (74)

Build Order

Get SALT Encoding   

  14  0:17  Supply Depot  
  15  0:40  Barracks  
  16  0:44  Refinery  
  19  1:30  Orbital Command, Reaper  
  20  1:48  Command Center  
  20  1:59  Refinery  
  21  2:10  Factory  
  22  2:18  Supply Depot  
  22  2:25  Barracks Reactor  
  24  2:51  Barracks  
  27  2:59  Orbital Command  
  27  3:01  Marine  Constant Production
  30  3:16  Factory Tech Lab, Bunker  
  34  3:36  Siege Tank  Constant Production
  34  3:40  Barracks Tech Lab  
  39  3:47  Supply Depot  
  39  3:51  Marine  
  46  4:27  Combat Shield  
  50  4:48  Starport, Barracks x2  
  52  5:00  Supply Depot x2  
Spawning Tool Build Advisor. Get it on Overwolf

Go to:

Details

  • Created by: Aerolust
  • Published on: Mar 13, 2019
  • Modified on: Mar 13, 2019
  • Patch: 4.7.1
Show
View Real Time Build Order
Export as new Build Order

Comments (1)

On Aug. 13, 2020, 7:37 a.m., JWizzly  said:

sup, when do you move out to attack ?

Create an account to comment!